 Dungeon Crawl Stone Soup version 0.23.2-30-g0e89c35649 (webtiles) character file.

Game seed: 6499687107116223087

58 troglodite the Shooter (level 3, -2/30 HPs)
             Began as a Centaur Hunter on June 11, 2019.
             Killed by divine providence
             ... invoked by an orc priest
              (14 damage)
             ... on level 3 of the Dungeon.
             The game lasted 00:04:42 (1810 turns).

troglodite the Shooter (Centaur Hunter)             Turns: 1810, Time: 00:04:42

Health: -2/30      AC:  6    Str: 14    XL:     3   Next: 76%
Magic:  0/3        EV:  9    Int: 10    God:
Gold:   67         SH:  0    Dex: 10    Spells: 2/2 levels left

rFire    . . .     SeeInvis .   h - +0 dagger
rCold    . . .     Gourm    .   (no shield)
rNeg     . . .     Faith    .   c - +0 leather armour
rPois    .         Spirit   +   (no helmet)
rElec    .         Reflect  .   t - +1 cloak
rCorr    .         Harm     .   (no gloves)
MR       .....                  (no barding)
Stlth    +.........             m - amulet of guardian spirit
HPRegen  0.10/turn              (no ring)
MPRegen  0.08/turn              (no ring)

@: very quick
A: large, hooves 3, deformed body, speed 2, tough skin 3
a: no special abilities


You were on level 3 of the Dungeon.
You were not hungry.

You visited 1 branch of the dungeon, and saw 3 of its levels.

You collected 67 gold pieces.

Inventory:

Hand Weapons
 a - a +1 shortbow
 b - a +0 short sword
 h - a +0 dagger (weapon)
Missiles
 d - 35 arrows
Armour
 c - a +0 leather armour (worn)
 t - a +1 cloak (worn)
Jewellery
 l - an uncursed ring of ice
 m - an amulet of guardian spirit (around neck)
Scrolls
 e - 2 scrolls of enchant weapon {unknown}
 g - a scroll of fear {unknown}
 i - a scroll of remove curse {unknown}
 j - a scroll of noise {unknown}
 k - a scroll of magic mapping {unknown}
 o - a scroll of teleportation {unknown}
 p - 2 scrolls of identify {unknown}
 s - a scroll of blinking {unknown}
 v - a scroll of amnesia {unknown}
Potions
 n - a potion of agility {unknown}
 q - a potion of curing {unknown}
 r - a potion of haste {unknown}
 u - a potion of ambrosia {unknown}
 x - a potion of mutation {unknown}
 z - a potion of degeneration {unknown}
Comestibles
 f - 5 rations
 w - 6 chunks of flesh


   Skills:
 * Level 2.4 Fighting
 + Level 0.3 Short Blades
 * Level 6.5 Bows
 * Level 0.4 Armour
 * Level 1.6 Dodging
 + Level 0.4 Stealth


You had 2 spell levels left.
You didn't know any spells.
Your spell library was empty.

Dungeon Overview and Level Annotations

Branches:
Dungeon (3/15)

Altars:
Dithmenos
Yredelemnul


Innate Abilities, Weirdness & Mutations

You have hooves in place of feet.
Armour fits poorly on your strangely shaped body.
You cover ground very quickly.
You have extremely tough skin. (AC +3)


Message History

The orc priest shouts! x2
An orc comes into view. It is wielding a +0 whip.
The orc shouts!
You hear a shout!
You barely miss the orc. Your kick misses the orc. The orc barely misses you.
The orc priest looks satisfied for a moment.
You hit the orc but do no damage. The orc closely misses you.
You hit the orc but do no damage. The orc hits you but does no damage.
You barely miss the orc. Your kick misses the orc.
The orc hits you with a +0 whip.
You hit the orc but do no damage.
An orc wizard comes into view. It is wielding a +0 dagger.
The orc barely misses you.
You closely miss the orc.
The orc wizard shouts!
The orc priest mumbles some strange prayers to Beogh against you.
Beogh smites you!
The orc priest looks braver for a moment.
The orc priest calls down the wrath of Beogh upon you.
Beogh smites you!
You die...

### ##.## ##...##
############# ##.....##
#.ooo.o..@..######.......#
#.#########...............
########.......# ##.....##
######...## ........####
............ .#####..###.
#......


You could see 2 orc priests, an orc wizard and an orc.

Vanquished Creatures
  3 dart slugs
  2 leopard geckos
  5 bats
  2 giant cockroaches
  4 goblins
  7 hobgoblins
  2 jackals (D:1)
  4 frilled lizards
  10 kobolds
  9 rats
  A bush (D:2)
49 creatures vanquished.

Notes
Turn   | Place    | Note
-------+----------+-------------------------------------------
     0 | D:1      | troglodite the Centaur Hunter began the quest for the Orb.
     0 | D:1      | Reached XP level 1. HP: 17/17 MP: 1/1
    93 | D:1      | Reached XP level 2. HP: 24/24 MP: 2/2
   104 | D:1      | Reached skill level 6 in Bows
   693 | D:2      | Reached XP level 3. HP: 28/29 MP: 1/3
   699 | D:2      | Found a shadowy altar of Dithmenos.
   862 | D:2      | Found a basalt altar of Yredelemnul.
  1810 | D:3      | Killed from afar by an orc priest

Skill      XL: |  1  2 |
---------------+-------+-----
Bows           | 6 |  6.5
Fighting       | |  2.4
Short Blades   | |  0.3
Armour         | |  0.4
Dodging        | |  1.6
Stealth        | |  0.4

Action                   || total
-------------------------++-------
Melee: Dagger            ||   261
       Kick              ||    75
 Fire: Shortbow          ||    31
  Eat: Chunk             ||     2
Armor: Leather armour    ||    59
Dodge: Dodged            ||    56
